 Dungeon Sprint DCSS version 0.21.1-1-g345015f (webtiles) character file.

534928 Psiloshibe the Barachian Ballista (level 22, -9/190 HPs)
             Began as a Barachi Berserker on May 28, 2018.
             Was a High Priest of Trog.
             Killed from afar by Lom Lobon (50 damage)
             ... with a great icy blast
             ... in the Dungeon (Sprint IX: "|||||||||||||||||||||||||||||").
             The game lasted 01:24:08 (9124 turns).

Psiloshibe the Barachian Ballista (BaBe)            Turns: 9124, Time: 01:24:09

Health: -9/190     AC: 39    Str: 22      XL:     22   Next: 73%
Magic:  13/13      EV: 23    Int:  7 (9)  God:    Trog [*****.]
Gold:   1900       SH: 30    Dex: 22      Spells: 42/42 levels left

rFire    + . .     SeeInvis +   b - +12 quick blade (antimagic)
rCold    + . .     Gourm    .   p - +3 large shield {reflect}
rNeg     + . .     Faith    .   Z - +0 gold dragon scales
rPois    +         Spirit   .   F - +0 helmet {SInv}
rElec    .         Reflect  +   U - +2 cloak
rCorr    .         Harm     .   n - +0 pair of gloves {Str+3}
MR       ++++.     NoTele   +   q - +0 pair of boots
Stlth    +.........             N - amulet of Esuusy {+Rage MR+ Dex+2}
HPRegen  1.41/turn              m - +2 ring of protection
MPRegen  0.13/turn              X - ring of positive energy

@: can't hop, regenerating, slow
A: +LOS, swims, deterioration 1, frail 1, slowness 1, strong legs 2
0: Orb of Zot
}: 9/15 runes: decaying, serpentine, barnacled, slimy, elven, silver, golden,
abyssal, gossamer
a: Hop, Berserk, Trog's Hand, Brothers in Arms, Burn Spellbooks, Renounce
Religion, Evoke Berserk Rage


You were in the Dungeon.
You worshipped Trog.
Trog was extremely pleased with you.
You were not hungry.

You visited 1 branch You collected 1900 gold pieces.

Inventory:

Hand Weapons
 a - a +6 great sword of flaming
 b - a +12 antimagic quick blade (weapon)
 o - the +11 scimitar of Dosm {drain, rElec rPois rF++ rC-}
   (Trog gifted it to you in the Dungeon)

   A truly terrible weapon, it drains the life of those it strikes.
   It greatly protects you from fire.
   It makes you vulnerable to cold.
   It insulates you from electricity.
   It protects you from poison.
 G - the +4 Vampire's Tooth {vamp}
   (Trog gifted it to you in the Dungeon)

   It inflicts no extra harm, but heals its wielder when it wounds a living foe.
 O - the +6 scimitar "Esex" {venom, rN+, unknown}
   (Trog gifted it to you in the Dungeon)

   It poisons the flesh of those it strikes.
   It protects you from negative energy.
 R - a +5 triple sword of holy wrath
 S - the +9 long sword "Icso" {speed, rF++, unknown}
   (Trog gifted it to you in the Dungeon)

   Attacks with this weapon are significantly faster.
   It greatly protects you from fire.
 V - the +4 long sword of Trog's Displeasure {elec, +Fly Int+5 SInv, unknown}
   (Trog gifted it to you in the Dungeon)

   Occasionally, upon striking a foe, it will discharge some electrical energy
   and cause terrible harm.
   It affects your intelligence (+5).
   It lets you see invisible.
   It lets you fly.
 W - the +6 short sword "Notrol" {drain, rElec Int+3}
   (Trog gifted it to you in the Dungeon)

   A truly terrible weapon, it drains the life of those it strikes.
   It affects your intelligence (+3).
   It insulates you from electricity.
Missiles
 t - 56 javelins of returning
 z - 23 tomahawks of returning
 A - 3 silver javelins (quivered)
 I - 11 javelins of penetration
 J - 45 steel javelins
 K - 21 poisoned javelins
 L - 8 poisoned tomahawks
Armour
 n - a +0 pair of gloves of strength (worn)
 p - a +3 large shield of reflection (worn)
 q - a +0 pair of boots (worn)
 F - a +0 helmet of see invisible (worn)
 U - a +2 cloak (worn)
 Z - +0 gold dragon scales (worn)
Jewellery
 m - a +2 ring of protection (left hand)
 B - an uncursed ring of flight
 C - the ring of Noon {rElec rPois Str+8 Int-2 Dex-4 Stlth-}
   (You found it in the Dungeon)

   [ring of loudness]

   It affects your strength (+8).
   It affects your intelligence (-2).
   It affects your dexterity (-4).
   It insulates you from electricity.
   It protects you from poison.
   It makes you less stealthy.
 D - the amulet "Veunisin" {RegenMP +Fly Str+5 Dex-4}
   (You found it in the Dungeon)

   [amulet of magic regeneration]

   It increases your magic regeneration.
   It affects your strength (+5).
   It affects your dexterity (-4).
   It lets you fly.
 E - an uncursed ring of poison resistance
 H - the ring "Ocvid" {rPois Int+5}
   (You found it in the Dungeon)

   [ring of poison resistance]

   It affects your intelligence (+5).
   It protects you from poison.
 N - the amulet of Esuusy (around neck) {+Rage MR+ Dex+2}
   (You acquired it in the Dungeon)

   [amulet of rage]

   It affects your dexterity (+2).
   It affects your resistance to hostile enchantments.
   It lets you go berserk.
 P - the ring "Velasch Fuuw" {rPois MP+9 Stlth+}
   (You found it in the Dungeon)

   [ring of magical power]

   It protects you from poison.
   It affects your magic capacity (+9).
   It makes you more stealthy.
 Q - the ring "Adeeris" {MP+9 EV+3 Int-4 Dex+2}
   (You found it in the Dungeon)

   [ring of evasion]

   It affects your evasion (+3).
   It affects your intelligence (-4).
   It affects your dexterity (+2).
   It affects your magic capacity (+9).
 T - an uncursed amulet of regeneration
 X - a ring of positive energy (right hand)
Wands
 k - a wand of iceblast (9)
Scrolls
 i - 3 scrolls of blinking
 j - 11 scrolls of remove curse
 r - 2 scrolls of identify
 w - 7 scrolls of enchant weapon
 x - 4 scrolls of fear
 y - 4 scrolls of fog
Potions
 d - 8 potions of curing
 e - 3 potions of heal wounds
 f - 9 potions of haste
 g - 6 potions of magic
 h - 4 potions of berserk rage
 l - 2 potions of invisibility
 s - 3 potions of might
 u - a potion of resistance
 v - 3 potions of brilliance
Miscellaneous
 Y - the horn of Geryon
Comestibles
 c - 7 rations


   Skills:
 O Level 27 Fighting
 O Level 27 Short Blades
 O Level 27 Long Blades
 O Level 27 Throwing
 O Level 27 Armour
 O Level 27 Dodging
 O Level 27 Stealth
 O Level 27 Shields
 O Level 27 Unarmed Combat
 - Level 10.6 Spellcasting
 O Level 27 Evocations


You had 42 spell levels left.
You didn't know any spells.

Dungeon Overview and Level Annotations

Branches:
Dungeon (1/1)

Altars:
Cheibriados
Dithmenos
Elyvilon
Fedhas
Gozag
Hepliaklqana
Kikubaaqudgha
Makhleb
Nemelex Xobeh
Okawaru
Qazlal
Ru
Sif Muna
Trog
Uskayaw
Vehumet
Wu Jian
Xom
Yredelemnul
Zin
The Shining One
Beogh
Jiyva
Lugonu

Shops:
D [(=?

Annotations:
D Lom Lobon


Innate Abilities, Weirdness & Mutations

Shadows flee at your approach. (+LOS)
You can swim through water.
You cover ground slowly.
You can hop long distances.
Your body sometimes deteriorates upon taking damage.
You are frail. (-10% HP)


Message History

Aim: Lom Lobon (freezing vapour, heavily wounded, surrounded by restless winds)
You throw a silver javelin. The silver javelin hits Lom Lobon!!!
Lom Lobon is heavily wounded.
Okay, then.
Drop what? 51/52 slots (_ for help) (? for menu, Esc to quit)
Okay, then.
Throwing (i - inventory. (,) - cycle):
A - 4 silver javelins (quivered)
Press: ? - help, Shift-Dir - straight line, f/p - Lom Lobon
Aim: Lom Lobon (freezing vapour, heavily wounded, surrounded by restless winds)
You throw a silver javelin.
The silver javelin completely misses Lom Lobon.
The silver javelin hits the ball lightning!!!!
The ball lightning explodes!
The blast of lightning engulfs Lom Lobon.
Lom Lobon completely resists.
Trog accepts your kill. Lom Lobon gestures at you.
Lom Lobon conjures a mighty blast of ice!
The great icy blast engulfs you! You partially resist.
You die...

▓▓▓▓▓▓▓▓▓▓▓▓▓▓▓▓▓▓▓▓▓▓▓▓▓▓▓▓▓▓▓▓▓
φ((((((.((()....@§§§§&§((........
▓▓▓▓▓▓▓▓▓▓▓▓▓▓▓▓▓▓▓▓▓▓▓▓▓▓▓▓▓▓▓▓▓
............).)....)........[.)..
▓▓▓▓▓▓▓▓▓▓▓▓▓▓▓▓▓▓▓▓▓▓▓▓▓▓▓▓▓▓▓▓▓
.......')........'.)........')...
▓▓▓▓▓▓▓▓▓▓▓▓▓▓▓▓▓▓▓▓▓▓▓▓▓▓▓▓▓▓▓▓▓
.................................
▓▓▓▓▓▓▓▓▓▓▓▓▓▓▓▓▓▓▓▓♣♣♣♣♣♣♣♣♣♣♣♣▓
....')...)))).).)))))...))..))())


You could see Lom Lobon.

Vanquished Creatures
  the Royal Jelly (D)
  4 orbs of fire (D)
  3 ancient liches (D)
  5 greater mummies (D)
  Margery (D)
  Xtahua (D)
  A curse toe (D)
  Saint Roka (D)
  Nikola (D)
  Geryon (D)
  A golden dragon (D)
  A Tzitzimitl (D)
  4 electric golems (D)
  A pandemonium lord (D)
  31 Orb Guardians (D)
  4 tentacled monstrosities (D)
  2 quicksilver dragons (D)
  4 liches (D)
  A deep elf master archer (D)
  12 acid blobs (D)
  2 deep elf blademasters (D)
  12 sphinxes (D)
  Frances (D)
  A death cob (D)
  A tengu reaver (D)
  A tentacled starspawn (D)
  3 storm dragons (D)
  Kirke (D)
  Agnes (D)
  2 fire giants (D)
  8 shadow dragons (D)
  7 azure jellies (D)
  6 nagarajas (D)
  A deep elf sorcerer (D)
  2 draconian monks (D)
  Ilsuiw (D)
  2 draconian knights (D)
  3 frost giants (D)
  Louise (D)
  3 vault wardens (D)
  3 ghost moths (D)
  2 draconian shifters (D)
  4 draconian scorchers (D)
  A draconian stormcaller (D)
  4 emperor scorpions (D)
  2 ironheart preservers (D)
  3 stone giants (D)
  An entropy weaver (D)
  A reaper (D)
  3 draconian annihilators (D)
  3 very ugly things (D)
  3 green draconians (D)
  6 vampire knights (D)
  3 black draconians (D)
  2 deep elf demonologists (D)
  A lorocyproca (D)
  3 yellow draconians (D)
  4 white draconians (D)
  A deep elf annihilator (D)
  A dire elephant (D)
  An eidolon (D)
  A purple draconian (D)
  8 merfolk javelineers (D)
  2 red draconians (D)
  Snorg (D)
  7 death oozes (D)
  A blizzard demon (D)
  4 ettins (D)
  3 deep elf death magi (D)
  4 mummy priests (D)
  5 fire dragons (D)
  3 merfolk impalers (D)
  4 deep elf high priests (D)
  2 great orbs of eyes (D)
  8 hydras (D)
  3 yaktaur captains (D)
  Erolcha (D)
  A rakshasa (D)
  A monstrous demonspawn (D)
  5 ice dragons (D)
  Harold (D)
  25 vault guards (D)
  A hell beast (D)
  A death knight (D)
  A ghost crab (D)
  A spriggan air mage (D)
  3 naga warriors (D)
  A centaur warrior (D)
  A merfolk aquamancer (D)
  2 ogre magi (D)
  A satyr (D)
  An anaconda (D)
  5 deep troll earth magi (D)
  2 hell hogs (D)
  A tengu warrior (D)
  An orc high priest (D)
  Urug (D)
  A shock serpent (D)
  A soul eater (D)
  A sun demon (D)
  5 hell knights (D)
  A wretched star (D)
  A shadow wraith (D)
  A sixfirhy (D)
  A spriggan druid (D)
  6 swamp dragons (D)
  A glowing orange brain (D)
  A sea snake (D)
  A large abomination (D)
  An unseen horror (D)
  2 flayed ghosts (D)
  3 starcursed masses (D)
  An ironbrand convoker (D)
  A harpy (D)
  2 naga ritualists (D)
  11 orc knights (D)
  A mana viper (D)
  2 necromancers (D)
  5 wolf spiders (D)
  A deep elf mage (D)
  An ugly thing (D)
  2 manticores (D)
  4 slime creatures (D)
  7 elephants (D)
  10 moths of wrath (D)
  A rust devil (D)
  A guardian serpent (shapeshifter) (D)
  2 guardian serpents (D)
  3 smoke demons (D)
  2 black mambas (D)
  2 vault sentinels (D)
  A naga mage (D)
  A hellion (D)
  An orange demon (D)
  5 yaktaurs (D)
  2 spiny frogs (D)
  A komodo dragon (D)
  16 guardian mummies (D)
  A hellwing (D)
  A freezing wraith (D)
  A wandering mushroom (D)
  3 demonic crawlers (D)
  A jumping spider (D)
  A meliai (shapeshifter) (D)
  A troll (shapeshifter) (D)
  A troll (D)
  A hornet (D)
  3 merfolk (D)
  A hippogriff (D)
  A bog body (D)
  A snapping turtle (D)
  A tarantella (D)
  3 redbacks (D)
  11 spriggans (D)
  A wraith (D)
  A water elemental (D)
  A yak (D)
  4 hogs (D)
  A ynoxinul (D)
  2 golden eyes (D)
  A vampire mosquito (D)
  A chaos spawn (D)
  An insubstantial wisp (D)
  2 nagas (D)
  A water moccasin (D)
  2 porcupines (D)
  23 orc warriors (D)
  A swamp drake (D)
  A necrophage (D)
  3 wolves (D)
  An eye of draining (D)
  2 ogres (D)
  5 bullfrogs (D)
  A crimson imp (D)
  3 orc priests (D)
  A hound (D)
  An iron imp (D)
  A jelly (D)
  3 orc wizards (D)
  A worker ant (D)
  An adder (D)
  An ufetubus (D)
  An adder skeleton (D)
  29 ball lightnings (D)
  8 orcs (D)
  2 bat zombies (D)
  2 goblins (D)
  A jackal (D)
  A kobold (D)
  A ball python (D)
  2 bats (D)
  A frilled lizard (D)
  A jackal simulacrum (D)
  2 jackal zombies (D)
  3 crawling corpses (D)
570 creatures vanquished.

Vanquished Creatures (collateral kills)
  Mara (D)
  Frederick (D)
  A draconian stormcaller (D)
  A yaktaur captain (D)
  2 hydras (D)
  A hell knight (D)
  A freezing wraith (D)
  A komodo dragon (D)
  3 guardian mummies (D)
  A wyvern (D)
  A spriggan (shapeshifter) (D)
  A centaur (D)
  A bullfrog (D)
16 creatures vanquished.

Vanquished Creatures (others)
  Gloorx Vloq (D)
  A warmonger (D)
  A reaper (D)
  A hell hog (D)
  A naga mage (D)
  A tyrant leech (D)
  A neqoxec (D)
  2 ball lightnings (D)
9 creatures vanquished.

Grand Total: 595 creatures vanquished

Notes
Turn   | Place    | Note
-------+----------+-------------------------------------------
     0 | D        | Psiloshibe the Barachi Berserker began the quest for the Orb.
     0 | D        | Reached XP level 1. HP: 18/18 MP: 1/1
     9 | D        | Reached ** piety under Trog
   182 | D        | Noticed a worker ant
   182 | D        | Noticed a crimson imp
   193 | D        | Killed a worker ant
   193 | D        | Reached skill level 5 in Fighting
   193 | D        | Reached skill level 5 in Long Blades
   193 | D        | Reached XP level 2. HP: 19/28 MP: 2/2
   193 | D        | Reached XP level 3. HP: 24/34 MP: 3/3
   198 | D        | Reached *** piety under Trog
   198 | D        | Reached XP level 4. HP: 20/41 MP: 4/4
   446 | D        | Found a roughly hewn altar of Beogh.
   446 | D        | Found a snail-covered altar of Cheibriados.
   446 | D        | Found a shadowy altar of Dithmenos.
   446 | D        | Found a white marble altar of Elyvilon.
   446 | D        | Found a blossoming altar of Fedhas.
   446 | D        | Found an opulent altar of Gozag.
   446 | D        | Found a hazy altar of Hepliaklqana.
   447 | D        | Found a viscous altar of Jiyva.
   448 | D        | Found an ancient bone altar of Kikubaaqudgha.
   449 | D        | Found a corrupted altar of Lugonu.
   450 | D        | Found a burning altar of Makhleb.
   451 | D        | Found a sparkling altar of Nemelex Xobeh.
   452 | D        | Found an iron altar of Okawaru.
   453 | D        | Found a stormy altar of Qazlal.
   454 | D        | Found a sacrificial altar of Ru.
   455 | D        | Found a deep blue altar of Sif Muna.
   456 | D        | Found a bloodstained altar of Trog.
   457 | D        | Found a hide-covered altar of Uskayaw.
   458 | D        | Found a radiant altar of Vehumet.
   459 | D        | Found an ornate altar of the Wu Jian Council.
   460 | D        | Found a shimmering altar of Xom.
   461 | D        | Found a basalt altar of Yredelemnul.
   462 | D        | Found a glowing silver altar of Zin.
   463 | D        | Found a glowing golden altar of the Shining One.
   518 | D        | Noticed a yak
   518 | D        | Noticed a troll
   518 | D        | Noticed an ogre
   520 | D        | Reached skill level 1 in Throwing
   525 | D        | Reached **** piety under Trog
   528 | D        | Killed an ogre
   528 | D        | Reached XP level 5. HP: 49/51 MP: 5/5
   534 | D        | Killed a troll
   534 | D        | Reached skill level 10 in Fighting
   534 | D        | Reached skill level 1 in Short Blades
   534 | D        | Reached skill level 10 in Long Blades
   534 | D        | Reached skill level 5 in Armour
   534 | D        | Reached skill level 5 in Dodging
   534 | D        | Reached skill level 1 in Stealth
   534 | D        | Reached XP level 6. HP: 60/60 MP: 6/6
   538 | D        | Killed a yak
   538 | D        | Received a gift from Trog
   538 | D        | Reached XP level 7. HP: 67/67 MP: 7/7
   588 | D        | Noticed a six-headed hydra
   588 | D        | Noticed a wyvern
   588 | D        | Noticed a wraith
   597 | D        | Killed a wraith
   597 | D        | Received a gift from Trog
   611 | D        | Noticed a spriggan
   617 | D        | Killed a six-headed hydra
   617 | D        | Reached skill level 5 in Unarmed Combat
   617 | D        | Reached XP level 8. HP: 43/75 MP: 8/8
   618 | D        | Killed a spriggan
   619 | D        | Killed a wyvern
   619 | D        | Reached skill level 5 in Throwing
   755 | D        | Noticed a spiny frog
   755 | D        | Noticed a five-headed hydra
   755 | D        | Noticed a five-headed hydra
   755 | D        | Noticed a komodo dragon
   755 | D        | Noticed a spiny frog
   767 | D        | Killed a spiny frog
   772 | D        | Killed a komodo dragon
   772 | D        | Reached XP level 9. HP: 26/83 MP: 9/9
   774 | D        | Killed a five-headed hydra
   784 | D        | Killed a three-headed hydra
   784 | D        | Reached skill level 5 in Short Blades
   784 | D        | Reached skill level 10 in Armour
   790 | D        | Killed a spiny frog
   790 | D        | Received a gift from Trog
   798 | D        | Reached ***** piety under Trog
  1033 | D        | Noticed a komodo dragon
  1034 | D        | Reached XP level 10. HP: 92/92 MP: 10/10
  1047 | D        | Received a gift from Trog
  1068 | D        | Received a gift from Trog
  1165 | D        | Noticed an elephant
  1165 | D        | Noticed an elephant
  1165 | D        | Noticed a dire elephant
  1165 | D        | Noticed an elephant
  1165 | D        | Noticed an elephant
  1165 | D        | Noticed an elephant
  1165 | D        | Noticed an elephant
  1175 | D        | Killed an elephant
  1195 | D        | Killed a dire elephant
  1195 | D        | Reached ****** piety under Trog
  1195 | D        | Received a gift from Trog
  1199 | D        | Killed an elephant
  1213 | D        | Killed an elephant
  1217 | D        | Killed an elephant
  1217 | D        | Received a gift from Trog
  1219 | D        | Killed an elephant
  1219 | D        | Reached XP level 11. HP: 55/101 MP: 11/11
  1226 | D        | Reached skill level 10 in Dodging
  1246 | D        | Reached skill level 15 in Fighting
  1334 | D        | Noticed Harold
  1345 | D        | Killed Harold
  1373 | D        | Noticed Urug
  1391 | D        | Killed Urug
  1452 | D        | Received a gift from Trog
  1453 | D        | Found the +4 Vampire's Tooth {vamp}
  1463 | D        | Received a gift from Trog
  1519 | D        | Noticed an orc high priest
  1521 | D        | Received a gift from Trog
  1523 | D        | Killed an orc high priest
  1542 | D        | Received a gift from Trog
  1574 | D        | Found Voloibb's Magic Scroll Boutique.
  1574 | D        | Noticed an orc knight
  1577 | D        | Noticed an orc knight
  1579 | D        | Noticed an orc knight
  1582 | D        | Found Zozuybb's Jewellery Shop.
  1585 | D        | Killed an orc knight
  1585 | D        | Reached skill level 15 in Long Blades
  1585 | D        | Reached skill level 10 in Throwing
  1585 | D        | Reached skill level 10 in Unarmed Combat
  1589 | D        | Killed an orc knight
  1592 | D        | Killed an orc knight
  1592 | D        | Reached skill level 15 in Armour
  1593 | D        | Found Inidoi's Antique Weapon Boutique.
  1594 | D        | Received a gift from Trog
  1601 | D        | Found Beanow's Antique Armour Shop.
  1605 | D        | Noticed an orc knight
  1607 | D        | Noticed an orc knight
  1611 | D        | Received a gift from Trog
  1616 | D        | Killed an orc knight
  1616 | D        | Received a gift from Trog
  1621 | D        | Killed an orc knight
  1621 | D        | Reached XP level 12. HP: 36/113 MP: 12/12
  1916 | D        | Got the +3 plate armour "Adianus" {rF+}
  1950 | D        | Noticed an eight-headed hydra
  1965 | D        | Killed a five-headed hydra
  1966 | D        | Received a gift from Trog
  1966 | D        | Received a gift from Trog
  1968 | D        | Noticed a stone giant
  1970 | D        | Noticed a fire dragon
  1974 | D        | Noticed a centaur warrior
  1976 | D        | Killed a centaur warrior
  1979 | D        | Noticed a frost giant
  1981 | D        | Noticed a deep troll earth mage
  1982 | D        | Killed a stone giant
  2000 | D        | Killed a fire dragon
  2011 | D        | Killed a frost giant
  2011 | D        | Received a gift from Trog
  2017 | D        | Killed a deep troll earth mage
  2017 | D        | Received a gift from Trog
  2158 | D        | Noticed Erolcha
  2165 | D        | Killed Erolcha
  2223 | D        | Noticed a merfolk impaler
  2223 | D        | Noticed a merfolk javelineer
  2232 | D        | Received a gift from Trog
  2233 | D        | Noticed a satyr
  2240 | D        | Killed a merfolk impaler
  2240 | D        | Gained mutation: You can hop long distances. [Barachi growth]
  2240 | D        | Reached XP level 13. HP: 80/121 MP: 4/13
  2244 | D        | Killed a merfolk javelineer
  2247 | D        | Received a gift from Trog
  2464 | D        | Received a gift from Trog
  2476 | D        | Received a gift from Trog
  2504 | D        | Received a gift from Trog
  2618 | D        | Noticed an entropy weaver
  2624 | D        | Received a gift from Trog
  2630 | D        | Killed an entropy weaver
  2630 | D        | Reached skill level 10 in Short Blades
  2630 | D        | Reached skill level 15 in Throwing
  2679 | D        | Killed a ghost moth
  2679 | D        | Received a gift from Trog
  2859 | D        | Noticed Snorg
  2870 | D        | Killed Snorg
  2874 | D        | Noticed Agnes
  2894 | D        | HP: 3/124 [Agnes/lajatang of electrocution (14)]
  2898 | D        | Killed Agnes
  3155 | D        | Noticed Frances
  3170 | D        | Killed Frances
  3170 | D        | Reached XP level 14. HP: 131/131 MP: 4/14
  3239 | D        | Noticed a frost giant
  3246 | D        | Received a gift from Trog
  3247 | D        | Noticed a fire giant
  3250 | D        | Noticed a white very ugly thing
  3253 | D        | Received a gift from Trog
  3255 | D        | Received a gift from Trog
  3255 | D        | Killed a frost giant
  3255 | D        | Received a gift from Trog
  3258 | D        | Killed a white very ugly thing
  3258 | D        | Received a gift from Trog
  3269 | D        | Killed a fire giant
  3271 | D        | Noticed a frost giant
  3282 | D        | Killed a frost giant
  3282 | D        | Received a gift from Trog
  3325 | D        | Noticed a fire giant
  3345 | D        | Killed a fire giant
  3557 | D        | Noticed an ironheart preserver
  3557 | D        | Noticed a vault warden
  3562 | D        | Received a gift from Trog
  3570 | D        | Killed a vault warden
  3579 | D        | Killed an ironheart preserver
  3579 | D        | Received a gift from Trog
  3602 | D        | Received a gift from Trog
  3619 | D        | Received a gift from Trog
  3625 | D        | Noticed a stone giant
  3635 | D        | Killed a stone giant
  3635 | D        | Reached XP level 15. HP: 56/141 MP: 5/15
  3669 | D        | Noticed a vault warden
  3683 | D        | Killed a vault warden
  3683 | D        | Reached skill level 15 in Dodging
  3701 | D        | Received a gift from Trog
  3919 | D        | Noticed Mara
  3926 | D        | Noticed Psiloshibe's illusion
  3947 | D        | Killed Mara
  3953 | D        | Noticed Frederick
  3970 | D        | Killed Frederick
  3970 | D        | Received a gift from Trog
  4414 | D        | Noticed Kirke
  4533 | D        | Received a gift from Trog
  4611 | D        | Killed Kirke
  4666 | D        | Noticed Ilsuiw
  4672 | D        | Received a gift from Trog
  4683 | D        | Killed Ilsuiw
  4683 | D        | Received a gift from Trog
  4683 | D        | Received a gift from Trog
  4692 | D        | Received a gift from Trog
  4692 | D        | Reached skill level 15 in Unarmed Combat
  4706 | D        | Got a barnacled rune of Zot
  4818 | D        | Received a gift from Trog
  4826 | D        | Received a gift from Trog
  4853 | D        | Received a gift from Trog
  4862 | D        | Received a gift from Trog
  4900 | D        | Got a decaying rune of Zot
  4931 | D        | Noticed a nagaraja
  4931 | D        | Noticed a nagaraja
  4931 | D        | Noticed a nagaraja
  4933 | D        | Noticed a nagaraja
  4939 | D        | Killed a nagaraja
  4940 | D        | Received a gift from Trog
  4940 | D        | Reached XP level 16. HP: 120/150 MP: 5/16
  4941 | D        | Noticed a nagaraja
  4942 | D        | Killed a nagaraja
  4942 | D        | Killed a nagaraja
  4942 | D        | Received a gift from Trog
  4943 | D        | Killed a nagaraja
  4954 | D        | Noticed a nagaraja
  4954 | D        | Killed a nagaraja
  4954 | D        | Received a gift from Trog
  4969 | D        | Killed a nagaraja
  4991 | D        | Got a serpentine rune of Zot
  5208 | D        | Received a gift from Trog
  5217 | D        | Received a gift from Trog
  5263 | D        | Received a gift from Trog
  5295 | D        | Got a gossamer rune of Zot
  5485 | D        | Noticed Xtahua
  5512 | D        | Killed Xtahua
  5530 | D        | Noticed Margery
  5542 | D        | Killed Margery
  5542 | D        | Received a gift from Trog
  5543 | D        | Received a gift from Trog
  5545 | D        | Received a gift from Trog
  5550 | D        | Reached skill level 15 in Short Blades
  5551 | D        | Noticed Nikola
  5577 | D        | Killed Nikola
  5577 | D        | Received a gift from Trog
  5695 | D        | Received a gift from Trog
  5713 | D        | Received a gift from Trog
  5716 | D        | Received a gift from Trog
  5737 | D        | Reached XP level 17. HP: 118/164 MP: 5/17
  5756 | D        | Received a gift from Trog
  5758 | D        | Received a gift from Trog
  5778 | D        | Received a gift from Trog
  5849 | D        | Received a gift from Trog
  5851 | D        | Received a gift from Trog
  5851 | D        | Received a gift from Trog
  5861 | D        | Received a gift from Trog
  5883 | D        | Received a gift from Trog
  6243 | D        | Noticed a quicksilver dragon
  6249 | D        | Noticed a quicksilver dragon
  6249 | D        | Received a gift from Trog
  6253 | D        | Killed a quicksilver dragon
  6254 | D        | Received a gift from Trog
  6264 | D        | Killed a quicksilver dragon
  6280 | D        | Got a silver rune of Zot
  6292 | D        | Identified a scroll of acquirement
  6297 | D        | Got a scorched diamond amulet
  6298 | D        | Identified the amulet of Esuusy {+Rage MR+ Dex+2} (You acquired it in the Dungeon)
  6316 | D        | Noticed Saint Roka
  6355 | D        | Killed Saint Roka
  6355 | D        | Received a gift from Trog
  6355 | D        | Reached skill level 27 in Throwing
  6434 | D        | Got the ring of Noon {rElec rPois Str+8 Int-2 Dex-4 Stlth-}
  6436 | D        | Got the amulet "Veunisin" {RegenMP +Fly Str+5 Dex-4}
  6438 | D        | Got the ring "Ocvid" {rPois Int+5}
  6440 | D        | Got the ring "Velasch Fuuw" {rPois MP+9 Stlth+}
  6442 | D        | Got the ring "Adeeris" {MP+9 EV+3 Int-4 Dex+2}
  6459 | D        | Got the +5 great sword of Extermination {slice, Str+4 Dex+2 SInv}
  6552 | D        | Noticed Louise
  6583 | D        | Killed Louise
  6583 | D        | Received a gift from Trog
  6656 | D        | Received a gift from Trog
  6657 | D        | Reached skill level 5 in Shields
  6658 | D        | Received a gift from Trog
  6679 | D        | Received a gift from Trog
  6682 | D        | Got an ichor-stained scimitar {god gift}
  6708 | D        | Reached XP level 18. HP: 100/177 MP: 6/18
  6711 | D        | Received a gift from Trog
  6715 | D        | Reached skill level 10 in Shields
  6718 | D        | Received a gift from Trog
  6723 | D        | Received a gift from Trog
  6864 | D        | Received a gift from Trog
  6876 | D        | Received a gift from Trog
  6876 | D        | Received a gift from Trog
  6891 | D        | Noticed a tentacled monstrosity
  6894 | D        | Received a gift from Trog
  6894 | D        | Received a gift from Trog
  6898 | D        | Noticed a curse toe
  6902 | D        | Killed a tentacled monstrosity
  6908 | D        | Killed a curse toe
  6908 | D        | Reached skill level 27 in Armour
  7102 | D        | Noticed a golden dragon
  7102 | D        | Noticed a tentacled monstrosity
  7109 | D        | Killed a tentacled monstrosity
  7109 | D        | Received a gift from Trog
  7110 | D        | Reached skill level 15 in Shields
  7113 | D        | Killed a golden dragon
  7113 | D        | Reached skill level 27 in Fighting
  7114 | D        | Received a gift from Trog
  7139 | D        | Received a gift from Trog
  7178 | D        | Received a gift from Trog
  7178 | D        | Received a gift from Trog
  7183 | D        | Received a gift from Trog
  7312 | D        | Noticed an Orb Guardian
  7312 | D        | Noticed an Orb Guardian
  7312 | D        | Noticed an Orb Guardian
  7312 | D        | Noticed an Orb Guardian
  7312 | D        | Noticed an Orb Guardian
  7312 | D        | Noticed an Orb Guardian
  7312 | D        | Noticed an Orb Guardian
  7315 | D        | Killed an Orb Guardian
  7316 | D        | Killed an Orb Guardian
  7316 | D        | Reached XP level 19. HP: 189/189 MP: 6/19
  7318 | D        | Received a gift from Trog
  7318 | D        | Reached skill level 5 in Stealth
  7324 | D        | Received a gift from Trog
  7361 | D        | Reached skill level 5 in Evocations
  7375 | D        | Received a gift from Trog
  7380 | D        | Reached skill level 10 in Stealth
  7419 | D        | Noticed an ancient lich
  7440 | D        | Killed an ancient lich
  7444 | D        | Noticed an orb of fire
  7447 | D        | Killed an orb of fire
  7452 | D        | Noticed an electric golem
  7455 | D        | Killed an electric golem
  7513 | D        | Noticed a tentacled monstrosity
  7513 | D        | Noticed a tentacled monstrosity
  7513 | D        | Noticed an electric golem
  7518 | D        | Noticed an orb of fire
  7519 | D        | Killed an electric golem
  7519 | D        | Received a gift from Trog
  7520 | D        | Killed a tentacled monstrosity
  7521 | D        | Reached skill level 10 in Evocations
  7522 | D        | Noticed an electric golem
  7523 | D        | Killed a tentacled monstrosity
  7525 | D        | Gained mutation: You are frail. (-10% HP) [an orb of fire]
  7531 | D        | Killed an orb of fire
  7531 | D        | Received a gift from Trog
  7531 | D        | Reached XP level 20. HP: 142/177 MP: 8/28
  7539 | D        | Killed an electric golem
  7545 | D        | Noticed an orb of fire
  7546 | D        | Gained mutation: Your body sometimes deteriorates upon taking damage. [an orb of fire]
  7550 | D        | Noticed an electric golem
  7552 | D        | Noticed an orb of fire
  7555 | D        | Killed an orb of fire
  7558 | D        | Killed an electric golem
  7558 | D        | Reached skill level 27 in Shields
  7561 | D        | Killed an orb of fire
  7596 | D        | Received a gift from Trog
  7596 | D        | Reached skill level 15 in Stealth
  7600 | D        | Received a gift from Trog
  7602 | D        | Reached skill level 15 in Evocations
  7698 | D        | Received a gift from Trog
  7703 | D        | Received a gift from Trog
  7741 | D        | Got the Orb of Zot
  7822 | D        | Noticed an ancient lich
  7822 | D        | Noticed an ancient lich
  7824 | D        | Killed an ancient lich
  7825 | D        | Received a gift from Trog
  7826 | D        | Noticed a lich
  7831 | D        | Received a gift from Trog
  7833 | D        | Killed a lich
  7833 | D        | Received a gift from Trog
  7833 | D        | Received a gift from Trog
  7835 | D        | Killed an ancient lich
  7835 | D        | Reached XP level 21. HP: 183/183 MP: 11/33
  7838 | D        | Got a twisted short sword {god gift}
  7856 | D        | Received a gift from Trog
  7865 | D        | Received a gift from Trog
  7892 | D        | Received a gift from Trog
  7892 | D        | Received a gift from Trog
  7899 | D        | Received a gift from Trog
  7910 | D        | Received a gift from Trog
  7912 | D        | Received a gift from Trog
  7940 | D        | Got an elven rune of Zot
  7947 | D        | Identified the +6 short sword "Notrol" {drain, rElec Int+3} (Trog gifted it to you in the Dungeon)
  7950 | D        | Identified the +11 scimitar of Dosm {drain, rElec rPois rF++ rC-} (Trog gifted it to you in the Dungeon)
  7965 | D        | Received a gift from Trog
  7968 | D        | Received a gift from Trog
  7969 | D        | Got a jewelled long sword {god gift}
  7973 | D        | Noticed the Royal Jelly
  7994 | D        | Killed the Royal Jelly
  7994 | D        | Reached skill level 27 in Short Blades
  7994 | D        | Reached skill level 27 in Dodging
  8026 | D        | Received a gift from Trog
  8043 | D        | Received a gift from Trog
  8080 | D        | Got a slimy rune of Zot
  8097 | D        | Received a gift from Trog
  8211 | D        | Received a gift from Trog
  8214 | D        | Received a gift from Trog
  8214 | D        | Reached skill level 27 in Unarmed Combat
  8217 | D        | Received a gift from Trog
  8217 | D        | Received a gift from Trog
  8230 | D        | Received a gift from Trog
  8268 | D        | Reached XP level 22. HP: 173/190 MP: 12/38
  8277 | D        | Received a gift from Trog
  8319 | D        | Received a gift from Trog
  8342 | D        | Received a gift from Trog
  8370 | D        | Received a gift from Trog
  8373 | D        | Got a pitted long sword {god gift}
  8466 | D        | Killed Gloorx Vloq
  8589 | D        | Noticed a greater mummy
  8589 | D        | Noticed a greater mummy
  8589 | D        | Noticed a greater mummy
  8594 | D        | Received a gift from Trog
  8595 | D        | Noticed a greater mummy
  8600 | D        | Noticed a greater mummy
  8600 | D        | Killed a greater mummy
  8602 | D        | Killed a greater mummy
  8602 | D        | Killed a greater mummy
  8602 | D        | Received a gift from Trog
  8602 | D        | Reached skill level 27 in Evocations
  8605 | D        | Killed a greater mummy
  8605 | D        | Received a gift from Trog
  8606 | D        | Killed a greater mummy
  8606 | D        | Reached skill level 27 in Stealth
  8635 | D        | Got an iridescent scimitar {god gift}
  8644 | D        | Got a golden rune of Zot
  8706 | D        | Received a gift from Trog
  8727 | D        | Received a gift from Trog
  8733 | D        | Reached skill level 27 in Long Blades
  8750 | D        | Got an abyssal rune of Zot
  8778 | D        | Received a gift from Trog
  8795 | D        | Received a gift from Trog
  8815 | D        | Received a gift from Trog
  8815 | D        | Reached skill level 5 in Spellcasting
  8822 | D        | Noticed Xaokotup the pandemonium lord
  8833 | D        | Killed Xaokotup the pandemonium lord
  8833 | D        | Received a gift from Trog
  8833 | D        | Reached skill level 10 in Spellcasting
  9000 | D        | Noticed Geryon
  9023 | D        | Killed Geryon
  9023 | D        | Received a gift from Trog
  9033 | D        | Noticed Lom Lobon
  9085 | D        | Received a gift from Trog
  9117 | D        | HP: 6/190 [Lom Lobon/great icy blast (72)]
  9124 | D        | Killed from afar by Lom Lobon

Skill      XL: |  1  2  3  4  5  6  7  8  9 10 11 12 13 14 15 16 17 18 19 20 21 22 |
---------------+-------------------------------------------------------------------+-----
Fighting       | 5 6 8 10 11 12 13 14 16 17 18 19 20 23 25 27 | 27.0
Long Blades    | 5 6 8 10 11 12 13 14 15 17 18 19 20 21 22 23 24 27 | 27.0
Armour         | 3 4 5 7 8 10 13 15 16 18 20 21 23 25 27 | 27.0
Dodging        | 3 4 5 6 7 8 9 11 12 13 14 16 17 19 22 25 27 | 27.0
Throwing       | 2 3 4 5 6 8 10 12 15 18 22 24 27 | 27.0
Unarmed Combat | 2 3 4 5 6 7 8 10 11 12 14 15 17 18 20 24 27 | 27.0
Short Blades   | 1 2 3 4 6 8 10 12 13 15 17 21 23 25 27 | 27.0
Stealth        | 1 2 3 12 18 23 27 | 27.0
Shields        | 7 20 26 27 | 27.0
Evocations     | 11 17 24 27 | 27.0
Spellcasting   | 10 | 10.6

Action                   |  1- 3 |  4- 6 |  7- 9 | 10-12 | 13-15 | 16-18 | 19-21 | 22-24 || total
-------------------------+-------+-------+-------+-------+-------+-------+-------+-------++-------
Melee: Falchion          |    22 |     3 |       |       |       |       |       |       ||    25
       Rapier            |       |    16 |    29 |       |       |       |       |       ||    45
       Punch             |       |       |     3 |     4 |    24 |    17 |       |       ||    48
       Scimitar          |       |       |    20 |    93 |       |       |       |       ||   113
       Great sword       |       |       |       |    59 |    39 |     5 |       |       ||   103
       Quick blade       |       |       |       |    42 |   238 |   375 |   134 |    79 ||   868
Throw: Javelin           |       |       |       |    66 |   174 |   144 |   191 |   210 ||   785
       Tomahawk          |       |       |       |     8 |     7 |     3 |       |     7 ||    25
Invok: Trog's Hand       |     1 |     1 |     3 |     6 |    11 |    13 |     7 |    10 ||    52
       Berserk           |     1 |     1 |       |       |       |       |       |       ||     2
       Brothers in Arms  |       |       |     3 |       |     3 |     4 |     1 |     3 ||    14
 Abil: Hop               |       |       |     1 |       |     2 |     2 |     1 |     2 ||     8
Evoke: Wand              |       |       |       |       |       |       |     1 |       ||     1
  Use: Potion            |       |       |       |       |     1 |       |     1 |     8 ||    10
       Scroll            |       |       |       |       |       |     2 |       |     2 ||     4
  Eat: Chunk             |       |       |     6 |     7 |    10 |    12 |     6 |     2 ||    43
       Ration            |       |       |       |       |     1 |     1 |       |     2 ||     4
Armor: Animal skin       |     5 |       |       |       |       |       |       |       ||     5
       Plate armour      |       |    10 |    36 |    92 |    99 |       |       |       ||   237
       Gold dragon scale |       |       |       |       |    78 |   135 |    31 |    14 ||   258
Dodge: Dodged            |     6 |     8 |    12 |    85 |   135 |    86 |    38 |    18 ||   388
Block: Large shield      |       |       |       |       |       |    48 |   126 |   122 ||   296
       Reflection        |       |       |       |       |       |     1 |     2 |     3 ||     6
       Rpst.: Falchion   |     2 |     1 |       |       |       |       |       |       ||     3
       Scimitar          |       |       |     1 |    12 |       |       |       |       ||    13
       Great sword       |       |       |       |     5 |     2 |       |       |       ||     7
